 Dungeon Crawl Stone Soup version 0.21-a0-426-g98080a9 (webtiles) character file.

333 JackS81 the Changer (level 6, -10/42 HPs)
             Began as a Vampire Transmuter on Nov 7, 2017.
             Was an Initiate of Kikubaaqudgha.
             Killed from afar by EnegeticOcto's ghost (16 damage)
             ... with a flame tongue
             ... on level 4 of the Dungeon.
             The game lasted 00:14:39 (2589 turns).

JackS81 the Changer (Vampire Transmuter)            Turns: 2589, Time: 00:14:40

Health: -10/42     AC:  2    Str:  9    XL:     6   Next: 27%
Magic:  8/9        EV: 20    Int: 17    God:    Kikubaaqudgha [......]
Gold:   165        SH:  0    Dex: 20    Spells: 0/9 levels left

rFire    . . .     SeeInvis +     - Unarmed
rCold    + . .     Gourm    .   (shield currently unavailable)
rNeg     . . .     Faith    .   (armour currently unavailable)
rPois    x         Spirit   .   (helmet currently unavailable)
rElec    .         Reflect  .   (cloak currently unavailable)
rCorr    .         Harm     .   (gloves currently unavailable)
MR       .....                  (boots currently unavailable)
Stlth    ++........             (no amulet)
HPRegen  0.34/turn              h - ring of protection from cold
MPRegen  0.11/turn              (no ring)

@: spider-form (expiring), regenerating quickly
A: see invisible
a: End Transformation, Renounce Religion


You were on level 4 of the Dungeon.
You worshipped Kikubaaqudgha.
Kikubaaqudgha was noncommittal.
You were full.
You were a venomous arachnid creature.
You visited 1 branch of the dungeon, and saw 4 of its levels.

You collected 165 gold pieces.

Inventory:

Missiles
 a - 46 arrows
 q - 12 bolts
Armour
 b - a +0 robe (melded)
 j - a +2 hat (melded)
Jewellery
 h - a ring of protection from cold (left front leg)
Scrolls
 d - a scroll of enchant weapon {unknown}
 e - 2 scrolls of fog {unknown}
 f - a scroll of teleportation
 l - 2 scrolls of identify {unknown}
 n - a scroll of magic mapping {unknown}
 o - a scroll of random uselessness {unknown}
 p - a scroll of fear {unknown}
 r - a scroll of remove curse
 s - a scroll of noise {unknown}
 u - a scroll of recharging {unknown}
Potions
 g - a potion of berserk rage {unknown}
 i - a potion of heal wounds {unknown}
 k - a potion of magic {unknown}
 m - 5 potions of blood
 t - a potion of curing {unknown}
 v - a potion of ambrosia {unknown}
 w - a potion of flight {unknown}
Books
 c - a book of Changes

   Spells                             Type                      Level
   a - Beastly Appendage              Transmutation                1
   b - Sticks to Snakes               Transmutation                2
   c - Spider Form                    Transmutation/Poison         3
   d - Ice Form                       Ice/Transmutation            4
   e - Blade Hands                    Transmutation                5
 x - Sif Muna's Papyrus of Augmentations
   (You found it on level 4 of the Dungeon)

   Spells                             Type                      Level
   a - Infusion                       Charms                       1


   Skills:
 + Level 0.8 Fighting
 * Level 2.4 Dodging
 * Level 3.8 Unarmed Combat
 - Level 2.0 Spellcasting
 * Level 7.0 Transmutations


You couldn't memorise any spells.
You knew the following spells:

 Your Spells              Type           Power        Failure   Level  Hunger
a - Beastly Appendage     Tmut           ####..       5%          1    #......
b - Spider Form           Tmut/Pois      ##........   32%         3    ###....
c - Blade Hands           Tmut           ####......   52%         5    ######.


Dungeon Overview and Level Annotations

Branches:
Dungeon (4/15)
 Temple: D:4-7

Altars:
Kikubaaqudgha
Ru
Sif Muna
Vehumet

Annotations:
D:4 EnegeticOcto's ghost, amateur GnWn


Innate Abilities, Weirdness & Mutations

Your natural rate of healing is unusually fast.
((You have razor-sharp teeth.))
You have supernaturally acute eyesight. (SInv)
((You can survive without breathing.))


Message History

You closely miss EnegeticOcto's ghost.
EnegeticOcto's ghost is lightly damaged.
EnegeticOcto's ghost misses you.
You hit EnegeticOcto's ghost but do no damage.
EnegeticOcto's ghost is lightly damaged.
EnegeticOcto's ghost shrieks, "You will join me soon!"
EnegeticOcto's ghost hits you but does no damage.
You miss EnegeticOcto's ghost.
EnegeticOcto's ghost is lightly damaged.
EnegeticOcto's ghost hits you!
* * * LOW HITPOINT WARNING * * *
EnegeticOcto's ghost barely misses you.
EnegeticOcto's ghost points at you and mumbles some strange words.
The flame tongue hits you!
* * * LOW HITPOINT WARNING * * *
Your transformation is almost over.
EnegeticOcto's ghost casts a spell at you.
The flame tongue hits you!
You die...
Kikubaaqudgha rasps: "You have failed me!
Welcome... oblivion!"

#. #........ #.
###........
#.###.........>
#.#..##..........
#.........#......
####.##...#####.. ..#
#.#)W####### . #.#
##..........#
###.######....s......#
.....................
..#..............).#
#.###..............#
###.#...####..........
#..<..### #...######.
##..##### #..##
.#..#8._.## #..#
....##.).8# #..#


You could see EnegeticOcto's ghost.

Vanquished Creatures
  An ogre (D:4)
  2 orc wizards (D:3)
  An orc priest (D:4)
  7 adders
  2 oozes
  A dart slug (D:1)
  2 leopard geckos (D:2)
  18 orcs (D:3)
  6 giant cockroaches
  7 goblins
  5 hobgoblins
  2 jackals (D:3)
  2 ball pythons (D:1)
  4 bats
  4 frilled lizards
  4 kobolds
  6 rats
74 creatures vanquished.

Notes
Turn   | Place    | Note
-------+----------+-------------------------------------------
     0 | D:1      | JackS81 the Vampire Transmuter began the quest for the Orb.
     0 | D:1      | Reached XP level 1. HP: 14/14 MP: 3/3
   181 | D:1      | Reached skill level 3 in Transmutations
   202 | D:1      | Reached XP level 2. HP: 15/20 MP: 5/5
   622 | D:2      | Reached XP level 3. HP: 25/25 MP: 4/6
   654 | D:2      | Reached skill level 4 in Transmutations
   659 | D:2      | Learned a level 3 spell: Spider Form
  1591 | D:2      | Reached XP level 4. HP: 25/31 MP: 2/7
  1716 | D:2      | Reached skill level 5 in Transmutations
  1814 | D:3      | Reached XP level 5. HP: 25/36 MP: 4/8
  1849 | D:3      | Reached skill level 6 in Transmutations
  1961 | D:3      | Found a sacrificial altar of Ru.
  2463 | D:4      | Found a radiant altar of Vehumet.
  2463 | D:4      | Found an ancient bone altar of Kikubaaqudgha.
  2464 | D:4      | Found a deep blue altar of Sif Muna.
  2470 | D:4      | Identified Sif Muna's Papyrus of Augmentations
  2486 | D:4      | Became a worshipper of Kikubaaqudgha
  2491 | D:4      | Noticed an ogre
  2508 | D:4      | Killed an ogre
  2508 | D:4      | Reached XP level 6. HP: 42/42 MP: 6/9
  2530 | D:4      | Noticed EnegeticOcto's ghost (amateur GnWn)
  2547 | D:4      | Reached skill level 7 in Transmutations
  2561 | D:4      | Learned a level 5 spell: Blade Hands
  2589 | D:4      | Killed from afar by EnegeticOcto's ghost

Vault maps used:
D:1:      dpeg_arrival_radiant
D:3:      nicolae_ru_awakened_eye
D:4:      grunt_temple_overflow_gold_and_silver,
          grunt_temple_overflow_magic_moments, old_standard_altar, first_bread

Skill      XL: |  1  2  3  4  5  6 |
---------------+-------------------+-----
Transmutations | 3 4 5 6 7 |  7.0
Fighting       | |  0.8
Dodging        | |  2.4
Unarmed Combat | |  3.8
Spellcasting   | |  2.0

Action                   |  1- 3 |  4- 6 || total
-------------------------+-------+-------++-------
Melee: Unarmed           |   119 |   128 ||   247
       Headbutt          |     6 |     2 ||     8
       Bite              |     8 |     4 ||    12
       Kick              |     5 |       ||     5
       Punch             |     1 |       ||     1
 Cast: Beastly Appendage |    16 |     4 ||    20
       Spider Form       |     8 |    13 ||    21
  Use: Potion            |     3 |    12 ||    15
       Scroll            |       |     2 ||     2
Armor: Robe              |    23 |     7 ||    30
       Skin              |       |     7 ||     7
Dodge: Dodged            |    65 |    98 ||   163

Table legend:
 A = Spawn XP
 B = Non-spawn XP
 C = Spawn XP percentage of total XP
 D = Spawn monster count
 E = Non-spawn monster count
 F = Spawn count percentage of total count
 G = Total turns spent on level
                    A         B        C        D         E        F      G
               +---------+---------+-------+---------+---------+-------+---------
         Total |       0 |     476 |   0.0 |       0 |      74 |   0.0 |  2589
               +---------+---------+-------+---------+---------+-------+---------
           D:1 |       0 |      28 |   0.0 |       0 |      17 |   0.0 |   616
           D:2 |       0 |      86 |   0.0 |       0 |      20 |   0.0 |  1155
           D:3 |       0 |     186 |   0.0 |       0 |      34 |   0.0 |   680
           D:4 |       0 |     176 |   0.0 |       0 |       3 |   0.0 |   138
               +---------+---------+-------+---------+---------+-------+---------
